 Dungeon Crawl Stone Soup version 0.19-a0-1732-g0b18a7b (webtiles) character file.

22845 kae the Arsonist (level 12, -15/73 HPs)
             Began as a Deep Elf Fire Elementalist on Sept 30, 2016.
             Was a High Priest of Vehumet.
             Demolished by an entropy weaver (16 damage)
             ... on level 5 of the Lair of Beasts.
             The game lasted 00:29:17 (16240 turns).

kae the Arsonist (Deep Elf Fire Elementalist)      Turns: 16240, Time: 00:29:18

Health: -15/73     AC:  2    Str:  7    XL:     12   Next: 66%
Magic:  27/38      EV: 20    Int: 24    God:    Vehumet [*****.]
Gold:   757        SH:  0    Dex: 15    Spells: 9 memorised, 11 levels left

rFire  + . .     SeeInvis .     R - +4 great mace (freeze)
rCold  . . .     Gourm    .     y - +1 robe {rC+}
rNeg   . . .     Faith    .     (shield currently unavailable)
rPois  .         Spirit   .     p - +1 hat {MR+}
rElec  .         Dismiss  .     N - +0 cloak (curse)
rCorr  .         Reflect  .     Q - +0 pair of gloves
MR     ++...     Harm     .     (no boots)
Stlth  ++........               S - amulet of magic regeneration
                                E - ring of fire
                                X - ring of magical power

@: corroded
A: no striking features
a: Renounce Religion


You were on level 5 of the Lair of Beasts.
You worshipped Vehumet.
Vehumet was extremely pleased with you.
You were very hungry.

You visited 3 branches of the dungeon, and saw 15 of its levels.

You collected 783 gold pieces.
You spent 26 gold pieces at shops.

Inventory:

Hand Weapons
 r - a +3 rapier
 R - a +4 great mace of freezing (weapon)
 W - a +2 scimitar of flaming
Armour
 p - a +1 hat of magic resistance (worn)
 y - a +1 robe of cold resistance (worn)
 N - a cursed +0 cloak (worn)
 Q - a +0 pair of gloves (worn)
Jewellery
 g - a +4 ring of intelligence
 i - a +5 ring of evasion
 j - an uncursed amulet of guardian spirit
 E - a ring of fire (right hand)
 L - an uncursed ring of protection from magic
 S - an amulet of magic regeneration (around neck)
 X - a ring of magical power (left hand)
Wands
 K - a wand of disintegration (12/24)
 M - a wand of iceblast (5/15)
 V - a wand of iceblast (10/15)
Scrolls
 d - 10 scrolls of remove curse
 e - 3 scrolls of immolation
 m - 3 scrolls of recharging
 t - a scroll of amnesia
 v - 4 scrolls of teleportation
 x - 3 scrolls of fog
 F - a scroll of fear
 H - 4 scrolls of magic mapping
Potions
 a - a potion of magic
 f - 2 potions of might
 h - 3 potions of haste
 k - 3 potions of cancellation
 l - 2 potions of ambrosia
 q - a potion of lignification
 u - 2 potions of flight
 z - 2 potions of resistance
 B - 9 potions of curing
 G - 2 potions of agility
 J - a potion of heal wounds
 T - a potion of cure mutation
Books
 b - a book of Flames

   Spells                             Type                      Level
   a - Flame Tongue                   Conjuration/Fire             1
   b - Throw Flame                    Conjuration/Fire             2
   c - Conjure Flame                  Conjuration/Fire             3
   d - Inner Flame                    Hexes/Fire                   3
   e - Sticky Flame                   Conjuration/Fire             4
   f - Fireball                       Conjuration/Fire             5
 s - a book of Misfortune

   Spells                             Type                      Level
   a - Confusing Touch                Hexes                        1
   b - Confuse                        Hexes                        3
   c - Gell's Gravitas                Hexes/Translocation          3
   d - Petrify                        Transmutation/Earth          4
   e - Metabolic Englaciation         Hexes/Ice                    5
   f - Yara's Violent Unravelling     Hexes/Transmutation          5
 Z - a Young Poisoner's Handbook

   Spells                             Type                      Level
   a - Sting                          Conjuration/Poison           1
   b - Mephitic Cloud                 Conjuration/Poison/Air       3
   c - Olgreb's Toxic Radiance        Poison                       4
   d - Alistair's Intoxication        Transmutation/Poison         5
   e - Venom Bolt                     Conjuration/Poison           5
Miscellaneous
 w - a crystal ball of energy
Comestibles
 c - 4 bread rations
 n - 6 meat rations
 o - 6 beef jerkies
 C - 25 fruits
 D - a slice of pizza
 U - 2 royal jellies


   Skills:
 * Level 8.0 Fighting
 * Level 11.7 Dodging
 - Level 2.4 Stealth
 + Level 11.6 Spellcasting
 + Level 10.0 Conjurations
 + Level 12.2 Fire Magic


You had 11 spell levels left.
You knew the following spells:

 Your Spells              Type           Power        Failure   Level  Hunger
a - Flame Tongue          Conj/Fire      #####        1%          1    None
b - Throw Flame           Conj/Fire      ######       1%          2    None
c - Conjure Flame         Conj/Fire      #######.     1%          3    None
d - Sticky Flame          Conj/Fire      #######.     1%          4    None
e - Fireball              Conj/Fire      #######...   1%          5    ###....
f - Freeze                Ice            ##..         1%          1    None
g - Confuse               Hex            ##......     17%         3    None
h - Sting                 Conj/Pois      ####         1%          1    None
i - Inner Flame           Hex/Fire       ######..     1%          3    None


Dungeon Overview and Level Annotations

Branches:
Dungeon (9/15)             Temple (1/1) D:5            Lair (5/6) D:8
 Shoals (0/4) Lair:4       Spider (0/4) Lair:3
  Slime: Lair:5-6       Orc: D:9-12

Altars:
Ashenzari
Cheibriados
Dithmenos
Elyvilon
Fedhas
Gozag
Hepliaklqana
Kikubaaqudgha
Makhleb
Nemelex Xobeh
Okawaru
Qazlal
Ru
Sif Muna
Trog
Uskayaw
Vehumet
Xom
Yredelemnul
Zin
The Shining One

Shops:
D:4 :=


Message History

Confirm with . or Enter, or press ? or * to list all spells.
Aiming: Flame Tongue
Press: ? - help, Shift-Dir - straight line, f/p - entropy weaver
Aim: an entropy weaver (moderately wounded, covered in liquid flames)
You feel a surge of power!
The flame tongue misses the entropy weaver.
The entropy weaver burns!
The entropy weaver hits you!
* * * LOW HITPOINT WARNING * * *
The entropy weaver completely misses you.
The entropy weaver hits you.
* * * LOW HITPOINT WARNING * * *
The entropy weaver completely misses you.
Unknown command.
You completely miss the entropy weaver.
The entropy weaver is heavily wounded.
The entropy weaver burns!
The entropy weaver misses you. The entropy weaver hits you.
* * * LOW HITPOINT WARNING * * *
The entropy weaver hits you!
You die...

........... .........
........... .........
.......<... .#.......
............ ..P.....#
..P#........
.%......#####.P.........
........#.#.........#.#.
P.......#.P...#.....P..+
###....@.......#........
#.#....aP...........##.P
#......P#..........###+
#.......##.........P##.
##.....#####.#.....##.+
##......######.........
#.......#..#PP.........
#.......รท<.............
#......................


You could see an entropy weaver (burning).

Vanquished Creatures
  3 hydras (Lair:4)
  Erica (Lair:1)
  A hill giant (D:9)
  Pikel (D:5)
  A manticore (Lair:4)
  2 black mambas
  4 spiny frogs
  6 komodo dragons
  4 hippogriffs
  2 wyverns
  2 basilisks
  23 yaks
  A hungry ghost (D:9)
  A steam dragon (D:9)
  7 soldier ants (Lair:5)
  11 water moccasins
  7 porcupines
  2 ice beasts
  5 orc warriors
  2 slaves (D:5)
  2 sky beasts
  17 wolves
  A phantom (D:4)
  8 ogres
  3 centaurs
  19 crocodiles
  Blork the orc (D:5)
  3 big kobolds
  A gnoll sergeant (D:9)
  15 bullfrogs
  4 scorpions
  A howler monkey (D:4)
  4 electric eels (Lair:3)
  3 crimson imps
  A centaur zombie (D:6)
  A quasit (D:9)
  A bullfrog zombie (D:9)
  A jelly (D:5)
  An orc priest (D:8)
  A bullfrog skeleton (D:5)
  3 hounds
  2 centaur skeletons
  A gnoll shaman (D:4)
  7 iguanas
  3 iron imps (D:8)
  10 orc wizards
  3 worker ants
  A hound skeleton (D:6)
  4 worker ant zombies
  14 gnolls
  33 river rats
  13 adders
  A howler monkey skeleton (D:6)
  A shadow imp (D:6)
  3 oozes
  An adder zombie (D:9)
  2 worms
  A dart slug (D:1)
  13 leopard geckos
  23 orcs
  3 ball pythons (D:1)
  3 bats
  6 giant cockroaches
  6 hobgoblins
  6 jackals
  14 kobolds
  4 quokkas
  8 frilled lizards
  4 goblins
  A jackal skeleton (D:7)
  2 leopard gecko skeletons (D:6)
  A quokka zombie (D:8)
  6 rats
377 creatures vanquished.

Vanquished Creatures (others)
  Sigmund (D:5)
  A slave (D:5)
  An orc priest (D:5)
  An orc (D:5)
  4 jackals (D:5)
  7 fungi
  2 plants
17 creatures vanquished.

Grand Total: 394 creatures vanquished

Notes
Turn   | Place    | Note
-------+----------+-------------------------------------------
     0 | D:1      | kae the Deep Elf Fire Elementalist began the quest for the Orb.
     0 | D:1      | Reached XP level 1. HP: 10/10 MP: 6/6
   181 | D:1      | Reached XP level 2. HP: 2/15 MP: 2/8
   581 | D:1      | Reached skill level 4 in Fire Magic
   926 | D:1      | Reached XP level 3. HP: 19/19 MP: 7/9
   984 | D:1      | Learned a level 2 spell: Throw Flame
   988 | D:1      | Learned a level 3 spell: Conjure Flame
  1592 | D:2      | Found a glowing golden altar of the Shining One.
  1592 | D:2      | Found a hide-covered altar of Uskayaw.
  1659 | D:2      | Reached XP level 4. HP: 24/24 MP: 6/11
  2063 | D:3      | Reached skill level 5 in Fire Magic
  2424 | D:3      | Found a bloodstained altar of Trog.
  2483 | D:4      | Noticed a phantom
  2491 | D:4      | Killed a phantom
  2491 | D:4      | Reached XP level 5. HP: 26/28 MP: 3/13
  2571 | D:4      | Noticed an ogre
  2576 | D:4      | Killed an ogre
  2576 | D:4      | Reached XP level 6. HP: 30/32 MP: 9/15
  2750 | D:4      | Reached skill level 5 in Spellcasting
  2750 | D:4      | Reached skill level 6 in Fire Magic
  2757 | D:4      | Found Hajydais's Jewellery Emporium.
  2764 | D:4      | Bought a cursed -2 ring of slaying for 26 gold pieces
  3201 | D:4      | Reached XP level 7. HP: 36/36 MP: 9/17
  3253 | D:4      | Found Jejodd's Book Shoppe.
  3281 | D:4      | Found a shadowy altar of Dithmenos.
  3361 | D:5      | Entered Level 5 of the Dungeon
  3415 | D:5      | Reached skill level 7 in Fire Magic
  3589 | D:5      | Found a staircase to the Ecumenical Temple.
  3650 | Temple   | Entered the Ecumenical Temple
  3822 | Temple   | Became a worshipper of Vehumet
  4072 | D:5      | Noticed Pikel
  4092 | D:5      | Killed Pikel
  4092 | D:5      | Reached skill level 5 in Conjurations
  4092 | D:5      | Reached skill level 8 in Fire Magic
  4092 | D:5      | Reached XP level 8. HP: 41/41 MP: 3/20
  4148 | D:5      | Killed Sigmund
  4343 | D:5      | Noticed Blork the orc
  4366 | D:5      | Killed Blork the orc
  4643 | D:5      | Reached skill level 9 in Fire Magic
  4919 | D:6      | Learned a level 4 spell: Sticky Flame
  4939 | D:6      | Found a hazy altar of Hepliaklqana.
  5387 | D:6      | Reached * piety under Vehumet
  5387 | D:6      | Offered knowledge of Freeze by Vehumet.
  5387 | D:6      | Reached XP level 9. HP: 30/45 MP: 9/22
  5561 | D:6      | Reached skill level 10 in Fire Magic
  5951 | D:7      | Learned a level 5 spell: Fireball
  5953 | D:7      | Learned a level 1 spell: Freeze
  5957 | D:7      | Learned a level 3 spell: Confuse
  5964 | D:7      | Reached skill level 1 in Fighting
  6284 | D:7      | Found a radiant altar of Vehumet.
  6706 | D:8      | Found a burning altar of Makhleb.
  7127 | D:8      | Found a staircase to the Lair.
  7415 | D:8      | Reached skill level 5 in Dodging
  8269 | D:9      | Reached ** piety under Vehumet
  8437 | D:9      | Offered knowledge of Sting by Vehumet.
  8462 | D:9      | Reached XP level 10. HP: 44/56 MP: 24/24
  8465 | D:9      | Learned a level 1 spell: Sting
  8469 | D:9      | Learned a level 3 spell: Inner Flame
  9080 | D:9      | Noticed a hill giant
  9101 | D:9      | Killed a hill giant
  9520 | Lair:1   | Entered Level 1 of the Lair of Beasts
  9832 | Lair:1   | Reached skill level 11 in Fire Magic
 10118 | Lair:1   | Offered knowledge of Static Discharge by Vehumet.
 10211 | Lair:1   | Reached skill level 5 in Fighting
 10622 | Lair:1   | Reached XP level 11. HP: 59/64 MP: 20/26
 10989 | Lair:1   | Noticed Erica
 10997 | Lair:1   | Killed Erica
 10997 | Lair:1   | Reached skill level 10 in Spellcasting
 12262 | Lair:2   | Reached *** piety under Vehumet
 12678 | Lair:3   | Offered knowledge of Dazzling Spray by Vehumet.
 12681 | Lair:3   | Reached skill level 10 in Dodging
 12994 | Lair:3   | Reached **** piety under Vehumet
 13012 | Lair:3   | Offered knowledge of Irradiate by Vehumet.
 13437 | Lair:3   | Found a hole to the Spider Nest.
 13748 | Lair:4   | Reached XP level 12. HP: 49/71 MP: 27/29
 14306 | Lair:4   | Noticed a seven-headed hydra
 14318 | Lair:4   | HP: 2/72 [seven-headed hydra (8)]
 14319 | Lair:4   | Killed a seven-headed hydra
 14667 | Lair:4   | Reached skill level 12 in Fire Magic
 14668 | Lair:4   | Noticed a four-headed hydra
 14674 | Lair:4   | Killed a four-headed hydra
 14876 | Lair:4   | Reached ***** piety under Vehumet
 14895 | Lair:4   | Noticed a five-headed hydra
 14905 | Lair:4   | Killed a five-headed hydra
 14905 | Lair:4   | Offered knowledge of Delayed Fireball by Vehumet.
 15271 | Lair:4   | Found a staircase to the Shoals.
 15894 | Lair:5   | Noticed an entropy weaver
 16215 | Lair:5   | Reached skill level 10 in Conjurations
 16240 | Lair:5   | HP: 1/73 [entropy weaver (4)]
 16240 | Lair:5   | Demolished by an entropy weaver

Vault maps used:
D:1:      eino_arrival_tree_alley, serial_glass, glass_columns_c,
          glass_columns_a, hangedman_decor_growths
D:2:      gammafunk_temple_overflow_statue, minmay_misc_feat_plants,
          minmay_misc_feat_iff
D:3:      lemuel_crystal_altar
D:4:      kennysheep_mini_moat, first_bread, serial_shops,
          nicolae_shop_statue_plus, nicolae_shop_competitors_out_of_business
D:5:      serial_bayou_pond_c, uniq_pikel, uniq_sigmund, uniq_blork_the_orc
D:6:      basic_altar
D:7:      basic_altar
D:8:      demons_altar, lair_0_dummy, minivault_5
D:9:      blue_anna_alchemist
Temple:   eino_temple_scatter_basement
Lair:1:   small_statue_intersection, wad_woods_road_05,
          infiniplex_staircase_pool_2, uniq_erica
Lair:2:   minivault_24
Lair:3:   lemuel_reptile_caves, spider_nest_entry_web_field,
          infiniplex_staircase_pool
Lair:4:   minmay_shoals_entry_beasts, serial_bayou_shore_a
Lair:5:   zaba_antful_of_joy, lemuel_fruit_fields

Skill      XL: |  1  2  3  4  5  6  7  8  9 10 11 12 |
---------------+-------------------------------------+-----
Fire Magic     | 4 5 6 8 9 10 11 12 | 12.2
Conjurations   | 2 3 4 5 6 7 8 9 10 | 10.0
Spellcasting   | 4 5 6 7 8 9 11 | 11.6
Fighting       | 3 5 6 8 |  8.0
Dodging        | 5 8 10 11 | 11.7
Stealth        | |  2.4

Action                   |  1- 3 |  4- 6 |  7- 9 | 10-12 || total
-------------------------+-------+-------+-------+-------++-------
Melee: Unarmed           |    14 |    14 |       |       ||    28
       Rapier            |       |    27 |    51 |    12 ||    90
       Great mace        |       |       |       |    25 ||    25
 Cast: Flame Tongue      |    64 |    74 |   282 |   500 ||   920
       Conjure Flame     |     1 |     2 |    11 |    16 ||    30
       Throw Flame       |       |     5 |    19 |   125 ||   149
       Freeze            |       |       |    44 |       ||    44
       Sticky Flame      |       |       |     8 |    80 ||    88
       Fireball          |       |       |       |     2 ||     2
       Confuse           |       |       |       |     1 ||     1
       Sting             |       |       |       |     1 ||     1
  Use: Scroll            |       |     9 |    10 |    11 ||    30
       Potion            |       |       |     1 |       ||     1
 Stab: Sleeping          |       |     1 |     1 |       ||     2
       Distracted        |       |       |     1 |       ||     1
  Eat: Chunk             |     2 |     5 |    14 |    23 ||    44
       Fruit             |       |       |     3 |       ||     3
Armor: Robe              |     4 |    12 |    26 |    23 ||    65
Dodge: Dodged            |    21 |    66 |   144 |   241 ||   472
